 Dungeon Crawl Stone Soup version 0.27.1-3-gb3d3a73c9e (webtiles) character file.

Game seed: 3361973550593288380

226 Crownlay the Digger (level 6, 0/32 HPs)
             Began as a Gargoyle Earth Elementalist on Oct 17, 2021.
             Was an Initiate of Sif Muna.
             Slain by Pikel (1 damage)
             ... on level 3 of the Dungeon.
             The game lasted 00:04:30 (3142 turns).

Crownlay the Digger (Gargoyle Earth Elementalist)   Turns: 3142, Time: 00:04:31

Health: 0/32       AC:  7    Str: 11    XL:     6   Next: 1%
Magic:  0/12       EV: 11    Int: 18    God:    Sif Muna [......]
Gold:   93         SH:  0    Dex: 10    Spells: 7/13 levels left

rFire    . . .     SeeInvis .   f - +4 whip
rCold    . . .     Faith    .   (no shield)
rNeg     + . .     Spirit   .   b - +0 robe
rPois    ∞         Reflect  .   (no helmet)
rElec    +         Harm     .   (no cloak)
rCorr    .         Rampage  .   d - +0 pair of gloves
Will     .....                  (no boots)
Stlth    ++........             (no amulet)
HPRegen  0.10/turn              (no ring)
MPRegen  0.13/turn              (no ring)

@: no status effects
A: sickness immunity, AC +4, negative energy resistance 1, electricity
resistance, torment resistance 1, petrification resistance
a: Renounce Religion


You were on level 3 of the Dungeon.
You worshipped Sif Muna.
Sif Muna was noncommittal.
You visited 1 branch of the dungeon, and saw 4 of its levels.

You collected 93 gold pieces.

Inventory:

Hand Weapons
 f - a +4 whip (weapon)
Missiles
 c - 69 stones
Armour
 b - a +0 robe (worn)
 d - a +0 pair of gloves (worn)
Wands
 l - a wand of acid (12)
Scrolls
 a - 3 scrolls of identify
 e - a scroll of fear
 j - a scroll of enchant armour
 k - a scroll of noise {unknown}
 m - a scroll of holy word {unknown}
Potions
 g - a potion of ambrosia {unknown}
 h - a potion of curing {unknown}
 i - a potion of haste {unknown}


   Skills:
 - Level 1.5 Dodging
 - Level 2.1 Stealth
 + Level 4.1 Spellcasting
 - Level 0.7 Transmutations
 + Level 6.1 Earth Magic


You had 7 spell levels left.
You knew the following spells:

 Your Spells              Type           Power      Damage    Failure   Level
a - Sandblast             Erth           50%        2d12      1%          1
b - Stone Arrow           Conj/Erth      28%        3d8       12%         3
c - Passwall              Tmut/Erth      13%        N/A       5%          2

Your spell library contained the following spells:

 Spells                   Type           Power      Damage    Failure   Level
 Freeze                   Ice            12%        1d4       14%         1
 Petrify                  Tmut/Erth      16%        N/A       34%         4
 Frozen Ramparts          Ice            6%         1d2       41%         3
 Hailstorm                Conj/Ice       3%         3d3       82%         4


Dungeon Overview and Level Annotations

Branches:
Dungeon (4/15)
 Temple: D:4-7

Altars:
Elyvilon
Gozag
Kikubaaqudgha
Sif Muna

Annotations:
D:3 Pikel


Innate Abilities, Weirdness & Mutations

You are immune to sickness and miasma.
Your stone body is resilient. (AC +4)
You are immune to poison.
You resist negative energy. (rN+)
You are resistant to electric shocks. (rElec)
You are resistant to unholy torment.
You are immune to petrification.


Message History

Aiming: Sandblast (safe; 1% risk of failure)
Press: ? - help, Shift-Dir - straight line, f/p - Pikel
Aim: Pikel, wielding a +1 whip of freezing and wearing a +0 robe (severely wounded, 76% to hit)
The blast of sand hits Pikel.
Pikel is severely wounded.
Pikel hits you but does no damage.
Casting: Sandblast (safe; 1% risk of failure)
Confirm with . or Enter, or press ? or * to list all spells.
Aiming: Sandblast (safe; 1% risk of failure)
Press: ? - help, Shift-Dir - straight line, f/p - Pikel
Aim: Pikel, wielding a +1 whip of freezing and wearing a +0 robe (severely wounded, 76% to hit)
The blast of sand hits Pikel but does no damage.
Pikel is severely wounded.
Pikel hits you with a +1 whip of freezing.
* * * LOW HITPOINT WARNING * * *
Pikel freezes you.
* * * LOW HITPOINT WARNING * * *
Pikel hits you but does no damage.
Pikel says, "Dispater doesn't talk much, but I know they dig me."
Casting: Sandblast (safe; 1% risk of failure)
Confirm with . or Enter, or press ? or * to list all spells.
Aiming: Sandblast (safe; 1% risk of failure)
Press: ? - help, Shift-Dir - straight line, f/p - Pikel
Aim: Pikel, wielding a +1 whip of freezing and wearing a +0 robe (heavily wounded, 76% to hit)
The blast of sand misses Pikel.
Pikel hits you with a +1 whip of freezing.
* * * LOW HITPOINT WARNING * * *
Pikel freezes you.
* * * LOW HITPOINT WARNING * * *
Casting: Sandblast (safe; 1% risk of failure)
Confirm with . or Enter, or press ? or * to list all spells.
Aiming: Sandblast (safe; 1% risk of failure)
Press: ? - help, Shift-Dir - straight line, f/p - Pikel
Aim: Pikel, wielding a +1 whip of freezing and wearing a +0 robe (heavily wounded, 76% to hit)
The blast of sand hits Pikel!
Pikel is almost dead.
Pikel hits you with a +1 whip of freezing.
* * * LOW HITPOINT WARNING * * *
Pikel freezes you.
You die...

#...._....###.........#.###...
#.#.....#.# #........##.###...
#.........# #..)..............
#.#†⌠.⌠.#.# ####...###........
#..)......# ###.#.##.....####
#.#....)#.# ##...#.#....###
#.........# #..#.#.#...## #
####..##### #.#..#....########
#.## #@##..>..#........
###.########K####.....#######
#.........##.####.......#####
#.........##.#......###.....#
#.........##..........#####..
#.....................# ###
#.........###.........# #
#.........# #.........# #
#.(.......# #.........# #


You could see Pikel.

Vanquished Creatures
  3 lemures
  Jessica (D:3)
  Natasha (thrice) (D:2)
  6 adders
  3 worms (D:2)
  A dart slug (D:2)
  An orc (D:3)
  A ball python (D:2)
  4 bats (D:2)
  3 endoplasms
  2 giant cockroaches
  9 goblins
  5 hobgoblins
  4 jackals (D:2)
  3 quokkas
  5 frilled lizards
  7 kobolds
  3 rats
64 creatures vanquished.

Notes
Turn   | Place    | Note
-------+----------+-------------------------------------------
     0 | D:1      | Crownlay the Gargoyle Earth Elementalist began the quest
                  | for the Orb.
     0 | D:1      | Reached XP level 1. HP: 10/10 MP: 3/3
   446 | D:1      | Reached XP level 2. HP: 14/15 MP: 5/5
   448 | D:1      | Reached skill level 4 in Earth Magic
  1127 | D:2      | Reached XP level 3. HP: 16/19 MP: 6/6
  1280 | D:2      | Noticed Natasha
  1284 | D:2      | Killed Natasha
  1330 | D:2      | Reached XP level 4. HP: 19/24 MP: 8/8
  1545 | D:2      | Noticed Natasha
  1547 | D:2      | Killed Natasha
  1548 | D:2      | Reached skill level 5 in Earth Magic
  1794 | D:2      | Noticed Natasha
  1800 | D:2      | Killed Natasha
  1801 | D:2      | Reached XP level 5. HP: 28/28 MP: 7/10
  2359 | D:3      | Noticed Jessica
  2370 | D:3      | Killed Jessica
  2409 | D:3      | Found an opulent altar of Gozag.
  2424 | D:3      | Learned a level 3 spell: Stone Arrow
  2430 | D:3      | Learned a level 2 spell: Passwall
  2491 | D:3      | Found a white marble altar of Elyvilon.
  2610 | D:3      | Reached skill level 6 in Earth Magic
  2648 | D:3      | Found an ancient bone altar of Kikubaaqudgha.
  2648 | D:3      | Found a shimmering blue altar of Sif Muna.
  2671 | D:3      | Became a worshipper of Sif Muna the Loreminder
  2916 | D:4      | Noticed a lemure
  2918 | D:4      | Noticed Pikel
  2919 | D:4      | Reached XP level 6. HP: 32/32 MP: 9/12
  3142 | D:3      | HP: 1/32 [Pikel (2)]
  3142 | D:3      | Slain by Pikel

Illustrated notes

Levels and vault maps discovered:
D:1:      dpeg_arrival_chambers_temple_mockup, layout_basic, st_stairs_2
D:2:      layout_loops_ring, uniq_natasha
D:3:      layout_rooms, elyvilon_altar_5, mainiacjoe_overflow_alcove_2,
          mainiacjoe_overflow_divided_tiny, uniq_jessica
D:4:      layout_gridville, mainiacjoe_overflow_six_doors_small,
          kennysheep_small_circle, uniq_pikel

Skill      XL: |  1  2  3  4  5 |
---------------+----------------+-----
Earth Magic    | 4 5 6 |  6.1
Spellcasting   | 3 4 |  4.1
Dodging        | |  1.5
Stealth        | |  2.1
Transmutations | |  0.7

Action                   |  1- 3 |  4- 6 || total
-------------------------+-------+-------++-------
Melee: Whip              |    66 |    95 ||   161
 Cast: Sandblast         |     8 |    36 ||    44
       Stone Arrow       |       |     1 ||     1
  Use: Scroll            |       |     2 ||     2
 Stab: Sleeping          |     3 |     3 ||     6
Armor: Robe              |    20 |    49 ||    69
Dodge: Dodged            |    33 |    70 ||   103
